[ AOE2 MATCH · #479483517 ]
Team RMGeorgians vs Byzantines
[ REPLAY ANALYSIS · EXTRACTED FROM THE RECORDED GAME ]
Feudal
10:25
Castle
14:09
Imperial
30:10
| APM avg | 35.6 |
| APM peak | 97 |
| eAPM avg | 21.4 |
| Villagers / military | 131 / 712 |
Focus
⚔️ 38.6% · 🌾 61.4%
Monaspa ×697 · Trade Cart ×60 · Monk ×15
Feudal
—
Castle
—
Imperial
—
| APM avg | 0.7 |
| APM peak | 45 |
| eAPM avg | 0.3 |
| Villagers / military | 4 / 0 |
Focus
⚔️ 0.0% · 🌾 100.0%
Feudal
—
Castle
—
Imperial
—
| APM avg | 0.0 |
| APM peak | 3 |
| eAPM avg | 0.0 |
| Villagers / military | 0 / 0 |
Feudal
11:41
Castle
15:26
Imperial
31:12
| APM avg | 18.5 |
| APM peak | 56 |
| eAPM avg | 14.6 |
| Villagers / military | 231 / 631 |
Focus
⚔️ 33.6% · 🌾 66.4%
War Elephant ×631 · Trade Cart ×58
Feudal
—
Castle
—
Imperial
—
| APM avg | 22.1 |
| APM peak | 63 |
| eAPM avg | 16.1 |
| Villagers / military | 152 / 885 |
Focus
⚔️ 38.7% · 🌾 61.3%
Spearman ×339 · Scout Cavalry ×256 · Knight ×155 · Steppe Lancer ×115 · Trebuchet (Packed) ×20 · Trade Cart ×13
Feudal
14:03
Castle
17:35
Imperial
34:36
| APM avg | 37.7 |
| APM peak | 89 |
| eAPM avg | 21.7 |
| Villagers / military | 208 / 401 |
Focus
⚔️ 37.1% · 🌾 62.9%
Unknown (1908) ×197 · Scout Cavalry ×170 · Fire Lancer ×129 · Skirmisher ×60 · Trade Cart ×44 · Bombard Cannon ×33
Feudal
—
Castle
—
Imperial
—
| APM avg | 44.2 |
| APM peak | 96 |
| eAPM avg | 22.6 |
| Villagers / military | 167 / 920 |
Focus
⚔️ 38.8% · 🌾 61.2%
Scout Cavalry ×535 · Mangudai ×268 · Battering Ram ×66 · Trade Cart ×24 · Trebuchet (Packed) ×18 · Mangonel ×16
Feudal
10:38
Castle
15:00
Imperial
32:40
| APM avg | 23.3 |
| APM peak | 48 |
| eAPM avg | 19.6 |
| Villagers / military | 146 / 1984 |
Focus
⚔️ 60.0% · 🌾 40.0%
Spearman ×791 · Skirmisher ×578 · Camel Scout ×481 · Archer ×66 · Bombard Cannon ×32 · Hand Cannoneer ×24
Match map
Initial resources + every placement click. Lines = walls · curves = elevation contours. ◆ gold · ⬟ stone · ● berries · ✦ relic · ◌ wall gap
Your base· ✓ Closed at 14:09 · 0t walls · no gate
KRYPTAERNN's base· ✓ Closed at 12:00 · 0t walls · no gate
M.Gallego's base· ✓ Closed at 12:00 · 0t walls · no gate
24601's base· ✓ Closed at 15:26 · 0t walls · no gate
xXxAlessioxXx's base· ✓ Closed at 12:58 · 41t walls · no gate
cvlp's base· ✓ Closed at 17:35 · 25t walls · 1 gate(s)
RossC786526's base· ✓ Closed at 11:09 · 0t walls · no gate
Moririnnx's base· ✓ Closed at 15:00 · 0t walls · no gate
Smoothed initial terrain · ◌ = detected wall gap · hover for details
Inputs per minute
— EØ - - KRYPTAERNN
Build order — EØ
First 150 of 746 actions detected
| 0:03 | Create | Villager (Male) |
| 0:03 | Create | Villager (Male) |
| 0:03 | Create | Villager (Male) |
| 0:06 | Build | House |
| 0:07 | Build | House |
| 0:33 | Create | Villager (Male) |
| 1:27 | Create | Villager (Male) |
| 2:06 | Create | Villager (Male) |
| 2:07 | Create | Villager (Male) |
| 2:29 | Build | House |
| 2:37 | Create | Villager (Male) |
| 3:00 | Create | Villager (Male) |
| 3:01 | Create | Villager (Male) |
| 3:22 | Create | Villager (Male) |
| 3:22 | Create | Villager (Male) |
| 3:59 | Create | Villager (Male) |
| 3:59 | Create | Villager (Male) |
| 4:25 | Create | Villager (Male) |
| 4:25 | Create | Villager (Male) |
| 4:25 | Create | Villager (Male) |
| 4:33 | Build | House |
| 5:05 | Create | Villager (Male) |
| 5:05 | Create | Villager (Male) |
| 5:06 | Create | Villager (Male) |
| 5:06 | Create | Villager (Male) |
| 6:07 | Build | Mill |
| 6:11 | Create | Villager (Male) |
| 6:34 | Create | Villager (Male) |
| 6:35 | Create | Villager (Male) |
| 6:41 | Create | Villager (Male) |
| 7:10 | Create | Villager (Male) |
| 8:07 | Build | Mule Cart |
| 8:15 | Research | Feudal Age |
| 9:04 | Create | Villager (Male) |
| 9:05 | Create | Villager (Male) |
| 10:25 | Age | Feudal Age |
| 10:34 | Build | Market |
| 10:38 | Build | Blacksmith |
| 11:29 | Research | Castle Age |
| 11:29 | Research | Castle Age |
| 12:28 | Create | Villager (Male) |
| 13:11 | Research | Double-Bit Axe |
| 13:14 | Research | Gold Mining |
| 13:16 | Research | Horse Collar |
| 14:09 | Age | Castle Age |
| 14:16 | Build | House |
| 14:26 | Research | Bow Saw |
| 14:48 | Build | Town Center |
| 15:16 | Create | Villager (Male) |
| 15:18 | Create | Villager (Male) |
| 16:08 | Build | Town Center |
| 16:12 | Create | Villager (Male) |
| 16:13 | Create | Villager (Male) |
| 16:15 | Create | Villager (Male) |
| 16:15 | Create | Villager (Male) |
| 16:27 | Create | Villager (Male) |
| 16:28 | Create | Villager (Male) |
| 16:38 | Research | Stone Mining |
| 16:41 | Create | Villager (Male) |
| 17:08 | Build | Monastery |
| 17:14 | Build | Farm |
| 17:15 | Build | Farm |
| 17:16 | Build | Farm |
| 17:29 | Create | Villager (Male) |
| 17:33 | Create | Villager (Male) |
| 17:33 | Create | Villager (Male) |
| 17:37 | Create | Villager (Male) |
| 18:06 | Create | Monk |
| 18:18 | Create | Villager (Male) |
| 18:36 | Create | Villager (Male) |
| 18:36 | Create | Villager (Male) |
| 18:43 | Build | House |
| 18:45 | Build | House |
| 18:50 | Build | Farm |
| 18:50 | Build | Farm |
| 18:50 | Build | Farm |
| 18:50 | Build | Farm |
| 18:51 | Build | Farm |
| 18:51 | Build | Farm |
| 19:07 | Create | Villager (Male) |
| 19:13 | Create | Villager (Male) |
| 19:13 | Create | Villager (Male) |
| 19:37 | Create | Villager (Male) |
| 19:37 | Create | Villager (Male) |
| 19:41 | Create | Villager (Male) |
| 19:41 | Create | Villager (Male) |
| 19:49 | Create | Villager (Male) |
| 20:00 | Build | Farm |
| 20:00 | Build | Farm |
| 20:00 | Build | Farm |
| 20:01 | Build | Farm |
| 20:04 | Create | Villager (Male) |
| 20:05 | Create | Villager (Male) |
| 20:12 | Build | Barracks |
| 20:37 | Create | Villager (Male) |
| 20:46 | Create | Villager (Male) |
| 20:49 | Build | House |
| 20:50 | Build | House |
| 20:51 | Build | House |
| 20:54 | Research | Wheelbarrow |
| 20:59 | Research | Loom |
| 20:59 | Create | Villager (Male) |
| 21:00 | Create | Villager (Male) |
| 21:13 | Build | Farm |
| 21:14 | Build | Farm |
| 21:14 | Build | Farm |
| 21:14 | Build | Farm |
| 21:14 | Build | Farm |
| 21:17 | Create | Villager (Male) |
| 21:29 | Build | House |
| 21:29 | Build | House |
| 21:31 | Create | Villager (Male) |
| 21:32 | Create | Villager (Male) |
| 21:43 | Build | Stable |
| 21:45 | Create | Villager (Male) |
| 21:48 | Research | Heavy Plow |
| 22:12 | Build | Mill |
| 22:19 | Create | Villager (Male) |
| 22:23 | Create | Villager (Male) |
| 22:32 | Create | Villager (Male) |
| 22:39 | Build | Castle |
| 22:44 | Create | Villager (Male) |
| 22:48 | Build | House |
| 22:49 | Build | House |
| 22:50 | Create | Villager (Male) |
| 22:51 | Create | Villager (Male) |
| 23:08 | Create | Villager (Male) |
| 23:09 | Create | Villager (Male) |
| 23:13 | Create | Villager (Male) |
| 23:31 | Build | Stable |
| 23:38 | Build | Siege Workshop |
| 23:42 | Create | Villager (Male) |
| 23:42 | Create | Villager (Male) |
| 23:43 | Create | Villager (Male) |
| 23:44 | Create | Villager (Male) |
| 23:44 | Create | Villager (Male) |
| 23:50 | Build | House |
| 23:51 | Build | House |
| 23:51 | Build | House |
| 23:52 | Build | House |
| 23:53 | Build | House |
| 23:53 | Build | House |
| 23:53 | Build | House |
| 23:54 | Build | House |
| 23:55 | Build | House |
| 23:55 | Build | House |
| 23:56 | Build | House |
| 23:56 | Build | House |
| 23:56 | Build | House |
| 23:56 | Build | House |
Build order — KRYPTAERNN
6 actions detected in the replay
| 0:02 | Create | Villager (Male) |
| 0:02 | Create | Villager (Male) |
| 0:03 | Create | Villager (Male) |
| 0:03 | Create | Villager (Male) |
| 0:06 | Build | House |
| 0:06 | Build | House |
Build order — M.Gallego
0 actions detected in the replay
Build order — 24601
First 150 of 565 actions detected
| 0:03 | Create | Villager (Male) |
| 0:03 | Create | Villager (Male) |
| 0:05 | Build | House |
| 0:07 | Build | House |
| 0:25 | Create | Villager (Male) |
| 0:25 | Create | Villager (Male) |
| 0:26 | Create | Villager (Male) |
| 0:26 | Create | Villager (Male) |
| 1:46 | Create | Villager (Male) |
| 1:46 | Create | Villager (Male) |
| 1:56 | Build | Lumber Camp |
| 2:14 | Create | Villager (Male) |
| 2:14 | Create | Villager (Male) |
| 2:48 | Create | Villager (Male) |
| 2:49 | Create | Villager (Male) |
| 3:07 | Create | Villager (Male) |
| 3:08 | Create | Villager (Male) |
| 3:08 | Create | Villager (Male) |
| 3:33 | Build | House |
| 3:39 | Create | Villager (Male) |
| 3:39 | Create | Villager (Male) |
| 3:52 | Build | Mill |
| 3:57 | Create | Villager (Male) |
| 3:57 | Create | Villager (Male) |
| 4:13 | Build | House |
| 4:29 | Create | Villager (Male) |
| 4:30 | Create | Villager (Male) |
| 5:14 | Create | Villager (Male) |
| 5:14 | Create | Villager (Male) |
| 5:14 | Create | Villager (Male) |
| 5:22 | Build | House |
| 5:24 | Build | House |
| 5:25 | Build | House |
| 5:26 | Build | House |
| 5:39 | Create | Villager (Male) |
| 5:40 | Create | Villager (Male) |
| 5:56 | Create | Villager (Male) |
| 5:56 | Create | Villager (Male) |
| 6:13 | Create | Villager (Male) |
| 6:13 | Create | Villager (Male) |
| 6:20 | Build | Farm |
| 6:26 | Create | Villager (Male) |
| 6:26 | Create | Villager (Male) |
| 7:04 | Create | Villager (Male) |
| 7:04 | Create | Villager (Male) |
| 7:36 | Build | Lumber Camp |
| 7:45 | Create | Villager (Male) |
| 7:46 | Create | Villager (Male) |
| 7:46 | Create | Villager (Male) |
| 8:13 | Build | Farm |
| 8:30 | Create | Villager (Male) |
| 8:58 | Build | Mining Camp |
| 9:36 | Research | Feudal Age |
| 9:58 | Create | Villager (Male) |
| 9:58 | Create | Villager (Male) |
| 9:58 | Create | Villager (Male) |
| 11:41 | Age | Feudal Age |
| 12:03 | Build | Market |
| 12:09 | Build | Blacksmith |
| 12:16 | Research | Double-Bit Axe |
| 13:00 | Research | Castle Age |
| 13:57 | Research | Wheelbarrow |
| 15:11 | Research | Horse Collar |
| 15:21 | Build | Farm |
| 15:23 | Build | Farm |
| 15:26 | Age | Castle Age |
| 15:27 | Build | Farm |
| 15:28 | Build | Farm |
| 15:29 | Build | Farm |
| 15:31 | Build | Farm |
| 15:36 | Build | Farm |
| 16:24 | Build | Town Center |
| 16:48 | Build | Town Center |
| 16:52 | Research | Heavy Plow |
| 16:55 | Research | Bow Saw |
| 17:05 | Create | Villager (Male) |
| 17:09 | Create | Villager (Male) |
| 17:27 | Build | Town Center |
| 17:31 | Create | Villager (Male) |
| 17:42 | Build | House |
| 17:44 | Build | House |
| 17:46 | Build | House |
| 17:51 | Create | Villager (Male) |
| 18:06 | Build | Farm |
| 18:07 | Build | Farm |
| 18:10 | Build | Farm |
| 18:14 | Build | Farm |
| 18:16 | Create | Villager (Male) |
| 18:35 | Create | Villager (Male) |
| 18:37 | Create | Villager (Male) |
| 18:37 | Create | Villager (Male) |
| 18:54 | Build | Farm |
| 18:55 | Build | Farm |
| 19:00 | Create | Villager (Male) |
| 19:01 | Create | Villager (Male) |
| 19:01 | Create | Villager (Male) |
| 19:01 | Create | Villager (Male) |
| 19:02 | Create | Villager (Male) |
| 19:02 | Create | Villager (Male) |
| 19:02 | Create | Villager (Male) |
| 19:34 | Build | Mining Camp |
| 19:43 | Build | Farm |
| 19:44 | Build | Farm |
| 19:48 | Create | Villager (Male) |
| 19:49 | Create | Villager (Male) |
| 19:49 | Create | Villager (Male) |
| 19:49 | Create | Villager (Male) |
| 19:49 | Create | Villager (Male) |
| 19:50 | Create | Villager (Male) |
| 19:50 | Create | Villager (Male) |
| 19:50 | Create | Villager (Male) |
| 19:51 | Create | Villager (Male) |
| 19:51 | Create | Villager (Male) |
| 20:05 | Build | Farm |
| 20:07 | Build | Farm |
| 20:08 | Build | Farm |
| 20:11 | Build | Farm |
| 20:12 | Build | Farm |
| 20:31 | Create | Villager (Male) |
| 20:32 | Create | Villager (Male) |
| 20:32 | Create | Villager (Male) |
| 20:32 | Create | Villager (Male) |
| 20:32 | Create | Villager (Male) |
| 20:37 | Build | House |
| 20:39 | Build | House |
| 20:42 | Create | Villager (Male) ×2 |
| 20:53 | Build | Farm |
| 20:56 | Build | Farm |
| 20:57 | Build | Farm |
| 21:00 | Create | Villager (Male) ×2 |
| 21:11 | Build | Mining Camp |
| 21:21 | Research | Stone Mining |
| 21:23 | Create | Villager (Male) |
| 21:24 | Create | Villager (Male) |
| 21:30 | Build | House |
| 21:30 | Build | House |
| 21:31 | Build | House |
| 21:34 | Create | Villager (Male) ×2 |
| 21:34 | Create | Villager (Male) ×2 |
| 21:34 | Create | Villager (Male) ×2 |
| 21:42 | Build | Farm |
| 21:44 | Build | Farm |
| 21:44 | Build | Farm |
| 21:48 | Build | Farm |
| 21:51 | Build | Farm |
| 21:55 | Create | Villager (Male) ×4 |
| 21:55 | Create | Villager (Male) ×4 |
| 21:55 | Create | Villager (Male) ×4 |
| 22:01 | Build | Farm |
| 22:04 | Create | Villager (Male) ×2 |
Build order — xXxAlessioxXx
First 150 of 554 actions detected
| 0:02 | Create | Villager (Male) |
| 0:03 | Create | Villager (Male) |
| 0:03 | Create | Villager (Male) |
| 0:03 | Create | Villager (Male) |
| 0:04 | Build | House |
| 0:06 | Build | House |
| 1:39 | Create | Villager (Male) |
| 1:56 | Create | Villager (Male) |
| 2:10 | Build | Lumber Camp |
| 2:39 | Create | Villager (Male) |
| 2:40 | Create | Villager (Male) |
| 3:07 | Create | Villager (Male) |
| 3:20 | Create | Villager (Male) |
| 4:08 | Build | Mill |
| 4:19 | Build | House |
| 4:23 | Create | Villager (Male) |
| 4:24 | Create | Villager (Male) |
| 4:56 | Create | Villager (Male) |
| 4:57 | Create | Villager (Male) |
| 4:57 | Create | Villager (Male) |
| 4:57 | Create | Villager (Male) |
| 4:57 | Create | Villager (Male) |
| 5:19 | Research | Loom |
| 5:21 | Create | Villager (Male) |
| 5:55 | Create | Villager (Male) |
| 6:42 | Build | Palisade Wall |
| 6:47 | Create | Villager (Male) |
| 6:47 | Create | Villager (Male) |
| 6:48 | Create | Villager (Male) |
| 7:27 | Build | House |
| 8:08 | Create | Villager (Male) |
| 8:09 | Create | Villager (Male) |
| 8:33 | Build | Palisade Wall |
| 8:45 | Build | Mining Camp |
| 9:02 | Create | Villager (Male) |
| 9:06 | Build | House |
| 9:39 | Research | Feudal Age |
| 10:15 | Build | Palisade Wall |
| 11:43 | Create | Villager (Male) |
| 11:55 | Build | Market |
| 11:58 | Build | Blacksmith |
| 12:58 | Research | Castle Age |
| 12:59 | Research | Castle Age |
| 13:37 | Research | Double-Bit Axe |
| 15:12 | Research | Horse Collar |
| 15:40 | Build | Town Center |
| 15:49 | Build | Town Center |
| 15:52 | Create | Villager (Male) |
| 15:53 | Create | Villager (Male) |
| 15:53 | Create | Villager (Male) |
| 15:56 | Create | Villager (Male) |
| 17:11 | Create | Villager (Male) |
| 17:12 | Create | Villager (Male) |
| 17:12 | Create | Villager (Male) |
| 17:13 | Create | Villager (Male) |
| 17:14 | Create | Villager (Male) |
| 17:26 | Create | Villager (Male) |
| 17:43 | Build | Farm |
| 17:45 | Create | Villager (Male) |
| 17:46 | Research | Heavy Plow |
| 17:56 | Create | Villager (Male) |
| 18:03 | Create | Villager (Male) |
| 18:07 | Create | Villager (Male) |
| 18:29 | Research | Bow Saw |
| 18:31 | Create | Villager (Male) |
| 18:35 | Create | Villager (Male) |
| 18:38 | Create | Villager (Male) |
| 19:00 | Build | Farm |
| 19:03 | Create | Villager (Male) |
| 19:06 | Build | House |
| 19:06 | Build | House |
| 19:07 | Build | House |
| 19:07 | Build | House |
| 19:07 | Build | House |
| 19:07 | Build | House |
| 19:08 | Build | House |
| 19:08 | Build | House |
| 19:13 | Create | Villager (Male) |
| 19:19 | Create | Villager (Male) |
| 19:48 | Build | Farm |
| 19:51 | Build | Farm |
| 19:53 | Build | Farm |
| 20:06 | Build | Farm |
| 20:13 | Build | Farm |
| 20:15 | Create | Villager (Male) ×5 |
| 20:15 | Create | Villager (Male) |
| 20:32 | Build | House |
| 20:32 | Build | House |
| 20:32 | Build | House |
| 20:33 | Build | House |
| 20:33 | Build | House |
| 20:33 | Build | House |
| 20:34 | Build | House |
| 20:48 | Build | Town Center |
| 20:55 | Create | Villager (Male) |
| 20:58 | Build | Farm |
| 21:02 | Create | Villager (Male) |
| 21:04 | Create | Villager (Male) |
| 21:10 | Create | Villager (Male) |
| 21:10 | Create | Villager (Male) |
| 21:10 | Create | Villager (Male) |
| 21:22 | Build | Farm |
| 21:32 | Build | Farm |
| 21:40 | Build | Farm |
| 21:41 | Build | Farm |
| 21:44 | Create | Villager (Male) |
| 21:44 | Create | Villager (Male) |
| 21:45 | Create | Villager (Male) |
| 21:46 | Create | Villager (Male) |
| 21:53 | Build | Farm |
| 21:54 | Build | Farm |
| 22:04 | Build | Farm |
| 22:13 | Build | Farm |
| 22:16 | Build | Farm |
| 22:23 | Build | Farm |
| 22:38 | Build | Farm |
| 22:43 | Build | Farm |
| 22:51 | Create | Villager (Male) |
| 22:51 | Create | Villager (Male) |
| 22:51 | Create | Villager (Male) |
| 22:51 | Create | Villager (Male) |
| 22:53 | Build | Farm |
| 22:55 | Build | Farm |
| 23:01 | Build | Farm |
| 23:05 | Build | Farm |
| 23:08 | Build | Farm |
| 23:13 | Build | Farm |
| 23:16 | Create | Villager (Male) |
| 23:16 | Create | Villager (Male) |
| 23:16 | Create | Villager (Male) |
| 23:16 | Create | Villager (Male) |
| 23:23 | Research | Gold Mining |
| 23:28 | Build | Farm |
| 23:38 | Build | Farm |
| 23:41 | Create | Villager (Male) |
| 23:41 | Create | Villager (Male) |
| 23:42 | Create | Villager (Male) |
| 23:42 | Create | Villager (Male) |
| 23:42 | Create | Villager (Male) |
| 23:43 | Create | Villager (Male) |
| 23:47 | Build | Farm |
| 23:49 | Create | Villager (Male) |
| 23:50 | Create | Villager (Male) |
| 24:00 | Build | Farm |
| 24:02 | Build | Farm |
| 24:10 | Create | Villager (Male) |
| 24:11 | Create | Villager (Male) |
| 24:13 | Build | Farm |
| 24:19 | Build | Farm |
| 24:23 | Build | Farm |
Build order — cvlp
First 150 of 656 actions detected
| 0:01 | Create | Villager (Male) ×4 |
| 0:02 | Build | House |
| 0:03 | Build | House |
| 1:55 | Create | Villager (Male) |
| 1:56 | Create | Villager (Male) |
| 1:56 | Create | Villager (Male) |
| 2:11 | Create | Villager (Male) |
| 2:11 | Create | Villager (Male) |
| 2:55 | Create | Villager (Male) |
| 2:55 | Create | Villager (Male) |
| 3:10 | Build | Palisade Wall |
| 3:24 | Create | Villager (Male) |
| 3:24 | Create | Villager (Male) |
| 3:45 | Create | Villager (Male) |
| 3:45 | Create | Villager (Male) |
| 4:03 | Create | Villager (Male) |
| 4:24 | Build | House |
| 4:41 | Create | Villager (Male) |
| 4:41 | Create | Villager (Male) |
| 4:56 | Build | Lumber Camp |
| 5:10 | Create | Villager (Male) |
| 5:37 | Create | Villager (Male) |
| 6:16 | Create | Villager (Male) |
| 6:16 | Create | Villager (Male) |
| 6:16 | Create | Villager (Male) |
| 6:24 | Build | House |
| 6:39 | Create | Villager (Male) |
| 6:39 | Create | Villager (Male) |
| 6:44 | Build | Palisade Gate |
| 7:36 | Build | Mining Camp |
| 7:37 | Create | Villager (Male) |
| 7:37 | Create | Villager (Male) |
| 7:45 | Create | Villager (Male) |
| 7:46 | Create | Villager (Male) |
| 7:46 | Create | Villager (Male) |
| 7:46 | Create | Villager (Male) |
| 8:03 | Create | Villager (Male) |
| 8:21 | Create | Villager (Male) |
| 8:45 | Create | Villager (Male) |
| 9:00 | Build | Lumber Camp |
| 9:05 | Create | Villager (Male) |
| 9:25 | Create | Villager (Male) |
| 9:36 | Create | Villager (Male) |
| 9:39 | Build | House |
| 9:47 | Research | Loom |
| 10:16 | Create | Villager (Male) |
| 10:44 | Build | Mill |
| 10:58 | Create | Villager (Male) |
| 11:00 | Create | Villager (Male) |
| 11:06 | Build | Mining Camp |
| 11:53 | Research | Feudal Age |
| 11:54 | Research | Feudal Age |
| 12:35 | Create | Villager (Male) |
| 13:00 | Create | Villager (Male) |
| 14:03 | Age | Feudal Age |
| 14:06 | Build | Blacksmith |
| 14:10 | Build | Market |
| 14:20 | Build | Mill |
| 14:55 | Research | Castle Age |
| 14:56 | Research | Castle Age |
| 15:01 | Build | Farm |
| 15:31 | Research | Double-Bit Axe |
| 15:32 | Research | Double-Bit Axe |
| 16:43 | Build | House |
| 16:47 | Build | Barracks |
| 17:03 | Create | Villager (Male) |
| 17:35 | Age | Castle Age |
| 17:38 | Create | Villager (Male) |
| 17:47 | Build | Town Center |
| 17:59 | Build | Town Center |
| 18:06 | Create | Villager (Male) |
| 18:08 | Research | Wheelbarrow |
| 18:08 | Research | Wheelbarrow |
| 18:11 | Research | Bow Saw |
| 18:11 | Research | Bow Saw |
| 18:18 | Create | Villager (Male) |
| 18:32 | Create | Villager (Male) |
| 18:45 | Create | Villager (Male) |
| 18:54 | Build | House |
| 19:00 | Build | Lumber Camp |
| 19:01 | Create | Villager (Male) |
| 19:15 | Create | Villager (Male) |
| 19:22 | Create | Villager (Male) |
| 19:25 | Create | Villager (Male) |
| 19:46 | Build | Town Center |
| 19:49 | Create | Villager (Male) |
| 19:50 | Create | Villager (Male) |
| 19:55 | Create | Villager (Male) |
| 20:27 | Create | Villager (Male) |
| 20:29 | Research | Hand Cart |
| 20:29 | Research | Hand Cart |
| 20:41 | Build | Farm |
| 20:43 | Create | Villager (Male) |
| 21:09 | Create | Villager (Male) |
| 21:55 | Build | Town Center |
| 21:57 | Create | Villager (Male) |
| 21:58 | Create | Villager (Male) |
| 21:58 | Create | Villager (Male) |
| 21:59 | Create | Villager (Male) |
| 22:00 | Create | Villager (Male) |
| 22:00 | Create | Villager (Male) |
| 22:18 | Build | Town Center |
| 22:21 | Create | Villager (Male) |
| 22:23 | Create | Villager (Male) |
| 22:28 | Build | House |
| 22:29 | Build | House |
| 22:30 | Create | Villager (Male) |
| 22:38 | Build | Farm |
| 22:39 | Build | Farm |
| 22:39 | Build | Farm |
| 22:39 | Build | Farm |
| 22:39 | Build | Farm |
| 22:39 | Build | Farm |
| 22:43 | Create | Villager (Male) |
| 22:52 | Create | Villager (Male) |
| 22:56 | Build | Farm |
| 23:14 | Build | Farm |
| 23:15 | Create | Villager (Male) |
| 23:23 | Build | Farm |
| 23:37 | Build | Town Center |
| 23:40 | Create | Villager (Male) |
| 23:44 | Build | Farm |
| 23:47 | Create | Villager (Male) |
| 23:47 | Create | Villager (Male) |
| 23:52 | Build | House |
| 23:52 | Build | House |
| 23:53 | Build | House |
| 23:53 | Build | House |
| 23:54 | Build | House |
| 23:54 | Build | House |
| 23:54 | Build | House |
| 23:55 | Build | House |
| 23:56 | Create | Villager (Male) |
| 23:56 | Create | Villager (Male) |
| 23:58 | Build | Farm |
| 24:04 | Build | Farm |
| 24:07 | Create | Villager (Male) |
| 24:07 | Create | Villager (Male) |
| 24:16 | Create | Villager (Male) |
| 24:16 | Create | Villager (Male) |
| 24:24 | Create | Villager (Male) |
| 24:25 | Create | Villager (Male) |
| 24:27 | Build | Farm |
| 24:28 | Create | Villager (Male) |
| 24:28 | Create | Villager (Male) |
| 24:31 | Build | Farm |
| 24:43 | Create | Villager (Male) |
| 24:44 | Create | Villager (Male) |
| 24:46 | Build | Farm |
| 24:49 | Build | Farm |
Build order — RossC786526
First 150 of 627 actions detected
| 0:01 | Create | Villager (Male) |
| 0:01 | Create | Villager (Male) |
| 0:03 | Build | House |
| 0:04 | Build | House |
| 0:38 | Create | Villager (Male) |
| 0:39 | Create | Villager (Male) |
| 0:39 | Create | Villager (Male) |
| 0:39 | Create | Villager (Male) |
| 1:25 | Create | Villager (Male) |
| 1:25 | Create | Villager (Male) |
| 1:26 | Create | Villager (Male) |
| 1:56 | Create | Villager (Male) |
| 1:57 | Create | Villager (Male) |
| 1:57 | Create | Villager (Male) |
| 2:19 | Create | Villager (Male) |
| 2:19 | Create | Villager (Male) |
| 2:37 | Build | Lumber Camp |
| 2:58 | Create | Villager (Male) |
| 2:58 | Create | Villager (Male) |
| 2:58 | Create | Villager (Male) |
| 3:23 | Create | Villager (Male) |
| 3:23 | Create | Villager (Male) |
| 3:23 | Create | Villager (Male) |
| 3:44 | Create | Villager (Male) |
| 3:45 | Create | Villager (Male) |
| 3:45 | Create | Villager (Male) |
| 3:59 | Build | House |
| 4:24 | Create | Villager (Male) |
| 4:24 | Create | Villager (Male) |
| 4:25 | Create | Villager (Male) |
| 4:26 | Create | Villager (Male) |
| 4:27 | Create | Villager (Male) |
| 4:54 | Create | Villager (Male) |
| 5:14 | Build | House |
| 6:12 | Build | Mill |
| 6:42 | Create | Villager (Male) |
| 7:11 | Create | Villager (Male) |
| 7:11 | Create | Villager (Male) |
| 7:40 | Create | Villager (Male) |
| 7:43 | Build | Mining Camp |
| 7:47 | Research | Feudal Age |
| 9:16 | Create | Villager (Male) |
| 10:38 | Build | Market |
| 10:40 | Build | Blacksmith |
| 11:09 | Research | Castle Age |
| 11:35 | Create | Villager (Male) |
| 11:39 | Research | Double-Bit Axe |
| 11:44 | Build | Farm |
| 11:45 | Build | Farm |
| 12:26 | Research | Horse Collar |
| 13:01 | Build | Farm |
| 13:02 | Build | Farm |
| 13:51 | Build | Town Center |
| 13:55 | Build | Town Center |
| 14:05 | Create | Villager (Male) |
| 14:21 | Build | House |
| 14:52 | Create | Villager (Male) |
| 14:54 | Create | Villager (Male) |
| 14:55 | Create | Villager (Male) |
| 14:56 | Create | Villager (Male) |
| 14:56 | Create | Villager (Male) |
| 15:07 | Build | Farm |
| 15:21 | Create | Villager (Male) |
| 15:23 | Build | Farm |
| 15:29 | Build | Farm |
| 15:36 | Create | Villager (Male) |
| 15:36 | Create | Villager (Male) |
| 15:44 | Build | Farm |
| 15:45 | Create | Villager (Male) |
| 15:46 | Create | Villager (Male) |
| 15:53 | Build | Farm |
| 16:02 | Create | Villager (Male) |
| 16:02 | Create | Villager (Male) |
| 16:02 | Create | Villager (Male) |
| 16:07 | Build | Farm |
| 16:18 | Create | Villager (Male) |
| 16:18 | Create | Villager (Male) |
| 16:19 | Create | Villager (Male) |
| 16:22 | Build | Farm |
| 16:30 | Build | Farm |
| 16:33 | Create | Villager (Male) |
| 16:33 | Create | Villager (Male) |
| 16:34 | Create | Villager (Male) |
| 16:36 | Build | Farm |
| 16:40 | Create | Villager (Male) |
| 16:41 | Create | Villager (Male) |
| 16:50 | Build | Farm |
| 16:51 | Create | Villager (Male) |
| 16:52 | Create | Villager (Male) |
| 16:52 | Create | Villager (Male) |
| 17:05 | Build | Farm |
| 17:07 | Build | House |
| 17:08 | Build | House |
| 17:10 | Create | Villager (Male) |
| 17:10 | Create | Villager (Male) |
| 17:13 | Build | Farm |
| 17:17 | Build | Farm |
| 17:18 | Create | Villager (Male) |
| 17:19 | Create | Villager (Male) |
| 17:19 | Create | Villager (Male) |
| 17:19 | Create | Villager (Male) |
| 17:38 | Research | Bow Saw |
| 17:38 | Research | Bow Saw |
| 17:48 | Create | Villager (Male) |
| 17:49 | Create | Villager (Male) |
| 17:49 | Create | Villager (Male) |
| 17:54 | Build | Farm |
| 17:58 | Create | Villager (Male) |
| 17:59 | Create | Villager (Male) |
| 17:59 | Create | Villager (Male) |
| 18:02 | Build | Farm |
| 18:06 | Create | Villager (Male) |
| 18:06 | Create | Villager (Male) |
| 18:07 | Create | Villager (Male) |
| 18:08 | Build | Farm |
| 18:11 | Create | Villager (Male) |
| 18:11 | Create | Villager (Male) |
| 18:21 | Build | House |
| 18:22 | Create | Villager (Male) |
| 18:22 | Create | Villager (Male) |
| 18:32 | Build | Farm |
| 18:37 | Create | Villager (Male) |
| 18:37 | Create | Villager (Male) |
| 18:40 | Build | Farm |
| 18:44 | Build | Farm |
| 18:47 | Build | Farm |
| 18:49 | Create | Villager (Male) |
| 18:49 | Create | Villager (Male) |
| 18:49 | Create | Villager (Male) |
| 18:55 | Build | House |
| 18:59 | Create | Villager (Male) |
| 19:00 | Create | Villager (Male) |
| 19:02 | Build | House |
| 19:05 | Build | Farm |
| 19:08 | Create | Villager (Male) |
| 19:08 | Create | Villager (Male) |
| 19:19 | Build | Farm |
| 19:20 | Create | Villager (Male) |
| 19:20 | Create | Villager (Male) |
| 19:20 | Create | Villager (Male) |
| 19:26 | Create | Villager (Male) |
| 19:26 | Create | Villager (Male) |
| 19:27 | Create | Villager (Male) |
| 19:40 | Create | Villager (Male) |
| 19:41 | Create | Villager (Male) |
| 19:41 | Create | Villager (Male) |
| 19:43 | Build | Farm |
| 19:44 | Build | Farm |
| 19:46 | Build | Farm |
| 19:47 | Build | Farm |
Build order — Moririnnx
First 150 of 755 actions detected
| 0:01 | Create | Villager (Male) ×4 |
| 0:02 | Build | House |
| 0:03 | Build | House |
| 1:33 | Create | Villager (Male) |
| 1:56 | Build | Lumber Camp |
| 2:02 | Create | Villager (Male) |
| 2:21 | Create | Villager (Male) |
| 2:52 | Create | Villager (Male) |
| 3:13 | Create | Villager (Male) |
| 3:33 | Build | House |
| 3:37 | Build | House |
| 3:44 | Create | Villager (Male) |
| 4:05 | Create | Villager (Male) |
| 4:39 | Build | Mill |
| 4:43 | Create | Villager (Male) |
| 5:04 | Create | Villager (Male) |
| 5:23 | Create | Villager (Male) |
| 5:36 | Create | Villager (Male) |
| 5:55 | Create | Villager (Male) |
| 6:11 | Create | Villager (Male) |
| 7:03 | Create | Villager (Male) ×4 |
| 8:06 | Build | Mining Camp |
| 8:26 | Research | Feudal Age |
| 9:57 | Build | House |
| 9:58 | Build | House |
| 10:03 | Create | Villager (Male) |
| 10:03 | Create | Villager (Male) |
| 10:38 | Age | Feudal Age |
| 10:49 | Build | Market |
| 10:53 | Build | Blacksmith |
| 11:23 | Create | Villager (Male) |
| 11:46 | Build | Farm |
| 11:55 | Create | Villager (Male) |
| 12:01 | Build | Farm |
| 12:11 | Research | Castle Age |
| 13:01 | Research | Double-Bit Axe |
| 13:03 | Research | Horse Collar |
| 13:11 | Create | Trade Cart |
| 13:11 | Create | Trade Cart |
| 14:19 | Create | Villager (Male) |
| 15:00 | Age | Castle Age |
| 15:02 | Build | Town Center |
| 15:24 | Create | Villager (Male) |
| 15:47 | Create | Villager (Male) ×5 |
| 15:51 | Build | Town Center |
| 16:11 | Build | Farm |
| 16:27 | Build | Farm |
| 16:41 | Build | Farm |
| 17:01 | Create | Villager (Male) |
| 17:07 | Create | Villager (Male) |
| 17:08 | Research | Loom |
| 17:11 | Build | Farm |
| 17:12 | Build | Farm |
| 17:13 | Build | Farm |
| 17:14 | Build | Farm |
| 17:28 | Create | Villager (Male) |
| 17:50 | Build | Town Center |
| 17:52 | Create | Villager (Male) |
| 17:57 | Create | Villager (Male) ×2 |
| 18:05 | Build | Farm |
| 18:06 | Build | Farm |
| 18:09 | Create | Villager (Male) |
| 18:11 | Build | Farm |
| 18:32 | Create | Villager (Male) |
| 18:37 | Build | Farm |
| 18:40 | Build | Farm |
| 18:44 | Create | Villager (Male) |
| 18:57 | Build | House |
| 18:58 | Build | House |
| 18:59 | Build | House |
| 19:07 | Build | House |
| 19:08 | Build | House |
| 19:10 | Create | Villager (Male) ×2 |
| 19:34 | Create | Villager (Male) ×2 |
| 19:43 | Build | Town Center |
| 19:46 | Create | Villager (Male) |
| 19:54 | Create | Villager (Male) |
| 20:01 | Create | Villager (Male) |
| 20:07 | Build | Farm |
| 20:07 | Build | Farm |
| 20:08 | Build | Farm |
| 20:15 | Create | Villager (Male) |
| 20:19 | Create | Villager (Male) ×2 |
| 20:28 | Create | Villager (Male) |
| 20:34 | Build | Farm |
| 20:38 | Build | Farm |
| 20:39 | Create | Villager (Male) |
| 20:52 | Create | Villager (Male) |
| 21:00 | Create | Villager (Male) |
| 21:07 | Build | Farm |
| 21:07 | Build | Farm |
| 21:12 | Build | Farm |
| 21:13 | Build | Farm |
| 21:14 | Create | Villager (Male) |
| 21:25 | Create | Villager (Male) |
| 21:29 | Create | Villager (Male) |
| 21:40 | Build | Farm |
| 21:41 | Build | Farm |
| 21:41 | Build | Farm |
| 21:45 | Build | Farm |
| 21:49 | Create | Villager (Male) ×2 |
| 21:52 | Create | Villager (Male) |
| 22:06 | Build | Lumber Camp |
| 22:15 | Build | House |
| 22:16 | Build | House |
| 22:16 | Build | House |
| 22:17 | Build | House |
| 22:19 | Build | House |
| 22:19 | Build | House |
| 22:21 | Build | House |
| 22:24 | Create | Villager (Male) ×5 |
| 22:37 | Build | Monastery |
| 22:38 | Create | Villager (Male) ×2 |
| 22:46 | Create | Villager (Male) |
| 22:51 | Create | Villager (Male) ×2 |
| 22:56 | Create | Villager (Male) |
| 23:04 | Create | Villager (Male) |
| 23:14 | Build | Farm |
| 23:15 | Build | Farm |
| 23:16 | Build | Farm |
| 23:17 | Build | Farm |
| 23:18 | Create | Monk |
| 23:23 | Create | Villager (Male) ×3 |
| 23:25 | Create | Villager (Male) |
| 23:31 | Create | Villager (Male) |
| 23:35 | Build | Farm |
| 23:44 | Create | Villager (Male) |
| 23:46 | Create | Villager (Male) |
| 23:54 | Research | Heavy Plow |
| 23:55 | Research | Heavy Plow |
| 24:00 | Create | Villager (Male) ×2 |
| 24:05 | Create | Villager (Male) |
| 24:21 | Create | Villager (Male) ×3 |
| 24:30 | Create | Villager (Male) |
| 24:36 | Create | Monk |
| 24:41 | Create | Villager (Male) ×3 |
| 24:53 | Build | Palisade Wall |
| 24:57 | Build | Palisade Wall |
| 25:01 | Build | Barracks |
| 25:01 | Build | Barracks |
| 25:02 | Build | Barracks |
| 25:02 | Build | Barracks |
| 25:07 | Research | Wheelbarrow |
| 25:07 | Create | Villager (Male) ×2 |
| 25:44 | Create | Villager (Male) ×5 |
| 25:47 | Create | Villager (Male) ×4 |
| 25:58 | Create | Villager (Male) ×2 |
| 26:07 | Build | Lumber Camp |
| 26:14 | Build | Lumber Camp |
| 26:21 | Research | Bow Saw |
Match timeline
| 0:07 | M.Gallego · resign |
| 3:10 | cvlp · wall_segment Palisade Wall x25 |
| 6:42 | xXxAlessioxXx · wall_segment Palisade Wall x12 |
| 8:33 | xXxAlessioxXx · wall_segment Palisade Wall x9 |
| 10:15 | xXxAlessioxXx · wall_segment Palisade Wall x20 |
| 10:25 | EØ · age_up feudal |
| 10:38 | Moririnnx · age_up feudal |
| 11:41 | 24601 · age_up feudal |
| 14:03 | cvlp · age_up feudal |
| 14:09 | EØ · age_up castle |
| 15:00 | Moririnnx · age_up castle |
| 15:26 | 24601 · age_up castle |
| 15:44 | xXxAlessioxXx · first_market_buy 100 wood |
| 16:47 | cvlp · first_building Barracks |
| 17:08 | EØ · first_building Monastery |
| 17:18 | 24601 · first_market_buy 100 stone |
| 17:35 | cvlp · age_up castle |
| 17:56 | Moririnnx · first_market_buy 100 food |
| 19:31 | cvlp · first_market_buy 100 wood |
| 20:12 | EØ · first_building Barracks |
| 21:43 | EØ · first_building Stable |
| 22:37 | Moririnnx · first_building Monastery |
| 22:39 | EØ · first_building Castle |
| 22:51 | RossC786526 · first_building Monastery |
| 23:38 | EØ · first_building Siege Workshop |
| 24:53 | Moririnnx · wall_segment Palisade Wall x18 |
| 24:57 | Moririnnx · wall_segment Palisade Wall x19 |
| 25:01 | Moririnnx · first_building Barracks |
| 25:01 | EØ · wall_segment Stone Wall x19 |
| 25:21 | cvlp · first_building Monastery |
| 25:23 | RossC786526 · first_building Castle |
| 25:37 | 24601 · first_building Castle |
| 28:02 | RossC786526 · first_market_buy 100 stone |
| 29:16 | Moririnnx · first_building Castle |
| 29:16 | cvlp · first_building Castle |
| 29:46 | RossC786526 · first_building Barracks |
| 30:10 | EØ · age_up imperial |
| 30:25 | xXxAlessioxXx · first_building Monastery |
| 31:04 | xXxAlessioxXx · first_building Barracks |
| 31:12 | 24601 · age_up imperial |
| 31:25 | RossC786526 · first_building Archery Range |
| 31:53 | xXxAlessioxXx · tribute_sent a jugador 1 |
| 31:53 | xXxAlessioxXx · tribute_sent a jugador 2 |
| 31:53 | xXxAlessioxXx · tribute_sent a jugador 3 |
| 31:53 | xXxAlessioxXx · tribute_sent a jugador 4 |
| 31:53 | xXxAlessioxXx · tribute_sent a jugador 6 |
| 31:53 | xXxAlessioxXx · tribute_sent a jugador 7 |
| 31:53 | xXxAlessioxXx · tribute_sent a jugador 8 |
| 32:03 | xXxAlessioxXx · first_building Stable |
| 32:28 | RossC786526 · first_building Stable |
| 32:30 | RossC786526 · first_building Siege Workshop |
| 32:30 | 24601 · first_building Barracks |
| 32:34 | 24601 · first_building Monastery |
| 32:40 | Moririnnx · age_up imperial |
| 33:36 | Moririnnx · first_building Archery Range |
| 34:13 | 24601 · first_market_sell 500 food |
| 34:16 | cvlp · first_building Siege Workshop |
| 34:36 | cvlp · age_up imperial |
| 35:13 | cvlp · first_building Stable |
| 36:07 | Moririnnx · first_building Stable |
| 36:09 | EØ · first_market_sell 500 wood |
| 36:59 | xXxAlessioxXx · first_building Castle |
| 37:07 | 24601 · first_building Stable |
| 37:59 | cvlp · first_market_sell 500 food |
| 39:46 | Moririnnx · first_building Siege Workshop |
| 41:03 | Moririnnx · first_market_sell 500 wood |
| 42:56 | EØ · tribute_sent a jugador 2 |
| 42:56 | EØ · tribute_sent a jugador 3 |
| 42:56 | EØ · tribute_sent a jugador 4 |
| 42:56 | EØ · tribute_sent a jugador 5 |
| 42:56 | EØ · tribute_sent a jugador 6 |
| 42:56 | EØ · tribute_sent a jugador 7 |
| 42:56 | EØ · tribute_sent a jugador 8 |
| 44:17 | EØ · first_market_buy 100 stone |
| 46:41 | cvlp · first_building Archery Range |
| 53:03 | RossC786526 · first_market_sell 100 stone |
| 57:06 | xXxAlessioxXx · tribute_sent a jugador 1 |
| 57:06 | xXxAlessioxXx · tribute_sent a jugador 2 |
| 57:06 | xXxAlessioxXx · tribute_sent a jugador 3 |
| 57:06 | xXxAlessioxXx · tribute_sent a jugador 4 |
| 57:06 | xXxAlessioxXx · tribute_sent a jugador 6 |
| 57:06 | xXxAlessioxXx · tribute_sent a jugador 7 |
| 57:06 | xXxAlessioxXx · tribute_sent a jugador 8 |
| 61:00 | EØ · tribute_sent a jugador 2 |
| 61:00 | EØ · tribute_sent a jugador 3 |
| 61:00 | EØ · tribute_sent a jugador 4 |
| 61:00 | EØ · tribute_sent a jugador 5 |
| 61:00 | EØ · tribute_sent a jugador 6 |
| 61:00 | EØ · tribute_sent a jugador 7 |
| 61:00 | EØ · tribute_sent a jugador 8 |
[ AI ANALYSIS · 1 CREDIT ]
What really happened in this match?
Wolo.gg analyzes every decision: build order, eco, micro, common mistakes by bracket. Personalized analysis on WhatsApp or Discord in 30 seconds.
Civ guide
Georgians
Map guide
Amazon Tunnel
Perfil
EØ